 Dungeon Crawl Stone Soup version 0.29-a0-529-gfa20dd96a1 (webtiles) character file.

Game seed: 1237351157819428656

438 Mgcat the Chopper (level 7, 0/60 HPs)
             Began as a Meteoran Fighter on June 1, 2022.
             Was an Initiate of Makhleb.
             Slain by a scorpion (4 damage)
             ... on level 5 of the Dungeon.
             The game lasted 00:05:32 (2341 turns).

Mgcat the Chopper (Meteoran Fighter)                Turns: 2341, Time: 00:05:33

Health: 0/60       AC:  9    Str: 20    XL:     7   Next: 46%
Magic:  8/8        EV:  9    Int:  9    God:    Makhleb [......]
Gold:   65         SH:  5    Dex: 14    Spells: 6/6 levels left

rFire   . . .      SeeInvis .   a - +0 war axe
rCold   . . .      Faith    .   c - +0 buckler
rNeg    . . .      Spirit   .   b - +0 scale mail
rPois   .          Reflect  .   q - +0 helmet
rElec   .          Harm     .   i - +0 cloak
rCorr   .          Rampage  .   (no gloves)
Will    .....                   (no boots)
Stlth   ..........              (no amulet)
HPRegen 0.20/turn               (no ring)
MPRegen 0.11/turn               (no ring)

@: glowing
A: sense surroundings 1, otherworldly, glowing, explore regen
a: Renounce Religion


You were on level 5 of the Dungeon.
You worshipped Makhleb.
Makhleb was noncommittal.
You visited 2 branches of the dungeon, and saw 6 of its levels.

You collected 263 gold pieces.
You spent 198 gold pieces at shops.

Inventory:

Hand Weapons
 a - a +0 war axe (weapon)
Armour
 b - a +0 scale mail (worn)
 c - a +0 buckler (worn)
 i - a +0 cloak (worn)
   (You found it on level 1 of the Dungeon)
 q - a +0 helmet (worn)
   (You found it on level 3 of the Dungeon)
Jewellery
 n - a ring of fire {rF+, rC-}
   (You found it on level 2 of the Dungeon)
Scrolls
 e - a scroll of vulnerability {unknown}
 f - a scroll of enchant armour {unknown}
 g - 2 scrolls of immolation {unknown}
 h - a scroll of identify
 m - a scroll of poison {unknown}
 o - 2 scrolls of noise {unknown}
 p - a scroll of blinking {unknown}
 s - 2 scrolls of teleportation {unknown}
Potions
 d - a potion of brilliance {unknown}
 k - 2 potions of resistance
 l - 4 potions of curing
 r - a potion of magic {unknown}
 t - 2 potions of mutation {unknown}
 u - a potion of haste
 v - a potion of might


   Skills:
 + Level 4.7 Fighting
 * Level 5.8 Axes
 + Level 5.1 Armour
 + Level 5.2 Shields


You had 6 spell levels left.
You didn't know any spells.
Your spell library contained the following spells:

 Spells                   Type           Power      Damage    Failure   Level
 Confusing Touch          Hex            0%         N/A       99%         3
 Yara's Violent Unravell  Hex/Tmut       0%         3d3       100%        5
 Enfeeble                 Hex            0%         N/A       100%        7


Dungeon Overview and Level Annotations

Branches:
Dungeon (5/15)             Temple (1/1) D:4

Altars:
Ashenzari
Cheibriados
Fedhas
Gozag
Kikubaaqudgha
Makhleb
Vehumet
Wu Jian
Xom

Shops:
D:4 !

Annotations:
D:3 1 runed translucent door, PaleRider's ghost, amateur SpCj


Innate Abilities, Weirdness & Mutations

You passively map a small area around you.
You are easily found by Zot.
You glow in the dark.
You regain HP and MP as you explore.


Message History

Warning x3: The centaur is fast and can hit for moderate damage at range!
The gnoll shaman can heal itself and can heal or Haste other gnolls! x2
You slash the gnoll shaman!
You kill the gnoll shaman!
Makhleb accepts your kill.
You barely miss the iguana. The iguana bites you. The centaur hits you.
You block the centaur's attack.
A scorpion comes into view.
You block the iguana's attack.
You take 5 damage, and have 37/60 hp.
Warning x2: The centaur is fast and can hit for moderate damage at range!
The gnoll shaman can heal itself and can heal or Haste other gnolls!
Unknown command.
Warning x2: The centaur is fast and can hit for moderate damage at range!
The gnoll shaman can heal itself and can heal or Haste other gnolls!
Unknown command.
Warning x2: The centaur is fast and can hit for moderate damage at range!
The gnoll shaman can heal itself and can heal or Haste other gnolls!
Unknown command.
Warning x2: The centaur is fast and can hit for moderate damage at range!
The gnoll shaman can heal itself and can heal or Haste other gnolls!
Unknown command.
Warning x2: The centaur is fast and can hit for moderate damage at range!
The gnoll shaman can heal itself and can heal or Haste other gnolls!
You closely miss the centaur. You hit the iguana.
The centaur closely misses you. The centaur kicks you.
The centaur closely misses you. The centaur kicks you.
You block the iguana's attack.
You take 4 damage, and have 33/60 hp.
Warning x2: The centaur is fast and can hit for moderate damage at range!
The gnoll shaman can heal itself and can heal or Haste other gnolls!
Unknown command.
Warning x2: The centaur is fast and can hit for moderate damage at range!
The gnoll shaman can heal itself and can heal or Haste other gnolls!
Unknown command.
Warning x2: The centaur is fast and can hit for moderate damage at range!
The gnoll shaman can heal itself and can heal or Haste other gnolls!
You barely miss the centaur. You barely miss the iguana. The centaur hits you.
The centaur closely misses you.
The iguana bites you but does no damage.
The centaur hits you but does no damage.
The centaur kicks you.
You take 3 damage, and have 30/60 hp.
Warning x2: The centaur is fast and can hit for moderate damage at range!
The gnoll shaman can heal itself and can heal or Haste other gnolls!
Unknown command.
Warning x2: The centaur is fast and can hit for moderate damage at range!
The gnoll shaman can heal itself and can heal or Haste other gnolls!
Unknown command.
Warning x2: The centaur is fast and can hit for moderate damage at range!
The gnoll shaman can heal itself and can heal or Haste other gnolls!
You slash the centaur!
The centaur is severely wounded.
You hit the iguana. You block the centaur's attack.
The centaur kicks you but does no damage.
The iguana bites you. The centaur hits you.
The centaur kicks you but does no damage.
You take 11 damage, and have 19/60 hp.
Warning x2: The centaur is fast and can hit for moderate damage at range!
The gnoll shaman can heal itself and can heal or Haste other gnolls!
Unknown command.
Warning x2: The centaur is fast and can hit for moderate damage at range!
The gnoll shaman can heal itself and can heal or Haste other gnolls!
Unknown command.
Warning x2: The centaur is fast and can hit for moderate damage at range!
The gnoll shaman can heal itself and can heal or Haste other gnolls!
You barely miss the centaur.
The centaur is severely wounded.
You barely miss the iguana.
The centaur hits you but does no damage.
You block the centaur's attack. You block the iguana's attack.
The centaur completely misses you. The centaur closely misses you.
The iguana bites you!
* * * LOW HITPOINT WARNING * * *
You take 9 damage, and have 10/60 hp.
Warning x2: The centaur is fast and can hit for moderate damage at range!
The gnoll shaman can heal itself and can heal or Haste other gnolls!
Unknown command.
Warning x2: The centaur is fast and can hit for moderate damage at range!
The gnoll shaman can heal itself and can heal or Haste other gnolls!
You completely miss the iguana.
The iguana is almost dead.
You barely miss the centaur. You slash the scorpion!
The centaur completely misses you.
The centaur kicks you but does no damage.
The scorpion stings you but does no damage.
You block the iguana's attack. The centaur hits you.
* * * LOW HITPOINT WARNING * * *
The centaur barely misses you. The scorpion barely misses you.
You take 1 damage, and have 9/60 hp.
Warning x2: The centaur is fast and can hit for moderate damage at range!
The gnoll shaman can heal itself and can heal or Haste other gnolls!
Unknown command.
Warning x2: The centaur is fast and can hit for moderate damage at range!
The gnoll shaman can heal itself and can heal or Haste other gnolls!
Unknown command.
Warning x2: The centaur is fast and can hit for moderate damage at range!
The gnoll shaman can heal itself and can heal or Haste other gnolls!
You hit the iguana.
The iguana is almost dead.
You hit the centaur. You closely miss the scorpion. The centaur hits you.
* * * LOW HITPOINT WARNING * * *
The centaur kicks you but does no damage.
The scorpion stings you but does no damage.
The iguana bites you.
* * * LOW HITPOINT WARNING * * *
The centaur hits you but does no damage.
The centaur kicks you but does no damage.
Unknown command.
You take 5 damage, and have 4/60 hp.
Warning x2: The centaur is fast and can hit for moderate damage at range!
The gnoll shaman can heal itself and can heal or Haste other gnolls!
Unknown command.
Warning x2: The centaur is fast and can hit for moderate damage at range!
The gnoll shaman can heal itself and can heal or Haste other gnolls!
Unknown command.
Warning x2: The centaur is fast and can hit for moderate damage at range!
The gnoll shaman can heal itself and can heal or Haste other gnolls!
You barely miss the iguana.
The iguana is almost dead.
You hit the centaur. You hit the scorpion but do no damage.
The scorpion stings you.
You die...

,
.....................
,
#.............##...##
,, *
...........####*#..#
* , ..#.......## #..
, *...........# .# *
###.......# * ,,
,#.#.....#### *<, * ,
, #.###s..........,
#..gl@.......### *
.....#c...?..#.# * ,
.#..........##.#
#.#.#.?#####*.# ,**
...##.#* * ...,,... *
#.., .... ... ####. *


You could see a centaur, a gnoll shaman, a scorpion and an iguana.

Vanquished Creatures
  A black bear (D:3)
  A bullfrog (D:4)
  A hound (D:4)
  An orc priest (D:4)
  A gnoll shaman (D:5)
  A jelly (D:5)
  4 gnolls (D:3)
  4 adders
  3 worms
  3 dart slugs
  7 orcs
  4 ball pythons
  5 endoplasms
  8 giant cockroaches
  6 goblins
  5 hobgoblins
  3 jackals (D:3)
  8 kobolds
  2 quokkas
  2 bats
  2 frilled lizards (D:3)
  6 rats
78 creatures vanquished.

Notes
Turn   | Place    | Note
-------+----------+-------------------------------------------
     0 | D:1      | Mgcat the Meteoran Fighter began the quest for the Orb.
     0 | D:1      | Reached XP level 1. HP: 19/19 MP: 2/2
    75 | D:1      | Reached XP level 2. HP: 15/26 MP: 3/3
   422 | D:1      | Reached skill level 3 in Axes
   483 | D:1      | Glimpsed the power of Zot.
   499 | D:2      | Reached XP level 3. HP: 29/31 MP: 4/4
   706 | D:2      | Reached skill level 4 in Armour
   709 | D:2      | Reached skill level 4 in Shields
   862 | D:2      | Reached XP level 4. HP: 40/40 MP: 5/5
  1063 | D:2      | Glimpsed the power of Zot.
  1173 | D:3      | Reached XP level 5. HP: 40/46 MP: 6/6
  1178 | D:3      | Reached skill level 4 in Axes
  1243 | D:3      | Reached skill level 4 in Fighting
  1478 | D:3      | Found a runed translucent door.
  1478 | D:3      | Noticed PaleRider's ghost (amateur SpCj)
  1540 | D:3      | Noticed a black bear
  1545 | D:3      | Killed a black bear
  1546 | D:3      | Reached XP level 6. HP: 48/52 MP: 7/7
  1643 | D:3      | Glimpsed the power of Zot.
  1686 | D:4      | Reached skill level 5 in Axes
  1799 | D:4      | Found Zijan's Distillery.
  1802 | D:4      | Bought a potion of haste for 110 gold pieces
  1802 | D:4      | Bought a potion of might for 44 gold pieces
  1802 | D:4      | Bought a potion of degeneration for 11 gold pieces
  1802 | D:4      | Bought a potion of curing for 33 gold pieces
  1958 | D:4      | Reached skill level 5 in Shields
  1958 | D:4      | Reached XP level 7. HP: 54/60 MP: 8/8
  1959 | D:4      | Reached skill level 5 in Armour
  2027 | D:4      | Found a staircase to the Ecumenical Temple.
  2041 | Temple   | Entered the Ecumenical Temple
  2180 | Temple   | Became a worshipper of Makhleb the Destroyer
  2252 | D:5      | Entered Level 5 of the Dungeon
  2338 | D:5      | HP: 10/60 [iguana (10)]
  2340 | D:5      | HP: 4/60 [iguana (4)]
  2341 | D:5      | Slain by a scorpion

Illustrated notes

Levels and vault maps discovered:
D:1:      minmay_arrival_radiant_lines, layout_loops_ring,
          chequers_ecumenical_altar_simple
D:2:      wad_crossroads, layout_rooms, serial_aquarium,
          aquarium_bridge_long_separate [aquarium_subvault_wall,
          aquarium_subvault_bridge, aquarium_subvault_balcony,
          aquarium_subvault_bridge, aquarium_subvault_window,
          aquarium_subvault_bridge], aquarium_window_corridor_2,
          aquarium_window_fake, aquarium_window_fake, aquarium_window_fake,
          aquarium_view_2c, aquarium_view_2b, aquarium_balcony_3b,
          grunt_ministairs_7, kennysheep_pointless_box, minmay_misc_feat_cross
D:3:      layout_rooms, gammafunk_ghost_grave
D:4:      layout_basic, minmay_temple_entry_offerings, serial_shops, shop
D:5:      layout_rooms, minmay_fractal_squares_5
Temple:   mainiacjoe_temple_trianglar_array

Skill      XL: |  1  2  3  4  5  6  7 |
---------------+----------------------+-----
Axes           | 3 4 5 |  5.8
Armour         | 4 5 |  5.1
Shields        | 4 5 |  5.2
Fighting       | 4 |  4.7

Action                   |  1- 3 |  4- 6 |  7- 9 || total
-------------------------+-------+-------+-------++-------
Melee: War axe           |    75 |   104 |    36 ||   215
  Use: Scroll            |       |     1 |       ||     1
       Potion            |       |     1 |       ||     1
Armor: Scale mail        |    40 |    58 |    25 ||   123
Dodge: Dodged            |    28 |    47 |    23 ||    98
Block: Buckler           |    20 |    20 |    16 ||    56

Table legend: (Time is in decaauts)
 A = Elapsed time spent in this place.
 B = Non-inter-level travel time spent in this place.
 C = Inter-level travel time spent in this place.
 D = Time resting spent in this place.
 E = Time spent auto-exploring this place.
 F = Levels seen in this place.
 G = Mean time per level.
                   A        B        C        D        E       F      G
               +--------+--------+--------+--------+--------+-----+--------+
         Total |   2416 |   2332 |     84 |     86 |   1672 |   6 |  402.7 |
       Dungeon |   2257 |   2188 |     69 |     86 |   1545 |   5 |  451.4 |
        Temple |    158 |    143 |     15 |      0 |    127 |   1 |  158.0 |
               +--------+--------+--------+--------+--------+-----+--------+

Top non-repeatable levels by time:
     D:2: 627 daAuts
     D:3: 577 daAuts
     D:1: 512 daAuts
     D:4: 445 daAuts
  Temple: 158 daAuts
     D:5: 95 daAuts

Table legend:
 A = Kills in this place as a percentage of kills in entire the game.
 B = Kills by you in this place as a percentage of kills by you in the entire game.
 C = Kills by friends in this place as a percentage of kills by friends in the entire game.
 D = Other kills in this place as a percentage of other kills in the entire game.
 E = Experience gained in this place as a percentage of experience gained in the entire game.
 F = Experience gained in this place divided by the number of levels of this place that you have seen.
                   A       B       C       D       E      F
               +-------+-------+-------+-------+-------+----------------------
         Total | 100.0 | 100.0 |   N/A |   N/A | 100.0 | 104.3
       Dungeon | 100.0 | 100.0 |   N/A |   N/A | 100.0 | 125.2
               +-------+-------+-------+-------+-------+----------------------
